 Dungeon Crawl Stone Soup version 0.29-a0-1052-g6990b1bffc (webtiles) character file.

Game seed: 3398305589682695422

7411 Zeldest the Cleaver (level 11, 0/97 (100) HPs)
             Began as a Naga Monk on Aug 18, 2022.
             Was an Elder of Cheibriados.
             Slain by a wolf (7 damage)
             ... on level 1 of the Lair of Beasts.
             The game lasted 00:27:18 (13971 turns).

Zeldest the Cleaver (Naga Monk)                    Turns: 13971, Time: 00:27:18

HP:   0/97 (100)    AC:  9    Str: 22 (23) XL:     11   Next: 14%
MP:   17/17         EV:  9    Int: 24      God:    Cheibriados [****..]
Gold: 689           SH:  0    Dex: 22      Spells: 18/18 levels left

rFire   . . .      SeeInvis +   a - +2 broad axe
rCold   + . .      Faith    .   (no shield)
rNeg    . . .      Spirit   .   d - +0 scale mail {rC+}
rPois   +          Reflect  .   r - +0 helmet
rElec   .          Harm     .   (no cloak)
rCorr   .          Rampage  .   (no gloves)
Will    +....      Clarity  +   (no barding)
Stlth   +.........              j - amulet of magic regeneration
HPRegen 0.26/turn               (no ring)
MPRegen 0.55/turn               (no ring)

@: lightly drained, very slow
A: AC +3, large, see invisible, deformed body, poison resistance, slowness 2,
spit poison 1, naga tail 1, clarity
a: Spit Poison, Renounce Religion, Bend Time, Temporal Distortion, Slouch


You were on level 1 of the Lair of Beasts.
You worshipped Cheibriados.
Cheibriados was greatly pleased with you.
You visited 3 branches of the dungeon, and saw 11 of its levels.
You also visited: Bailey.

You collected 689 gold pieces.

Inventory:

Hand Weapons
 a - a +2 broad axe (weapon)
 b - a +3 flail
 c - a +2 vorpal hand axe
 g - a +2 hand axe of freezing
Armour
 d - a +0 scale mail of cold resistance (worn)
 r - a +0 helmet (worn)
Jewellery
 j - an amulet of magic regeneration (around neck)
Wands
 h - a wand of digging (1)
 i - a wand of charming (2)
Scrolls
 k - 2 scrolls of noise
 l - 2 scrolls of identify
 t - a scroll of teleportation
 w - 2 scrolls of immolation
Potions
 e - 3 potions of heal wounds
 f - 2 potions of resistance
 m - 6 potions of mutation
 n - 2 potions of curing
 o - a potion of brilliance
 p - 2 potions of lignification


   Skills:
 + Level 7.1 Fighting
 + Level 8.4 Axes
 - Level 5.1 Armour
 - Level 2.4 Dodging
 - Level 3.0 Stealth
 - Level 3.8 Shields
 - Level 4.0 Spellcasting
 + Level 5.2 Conjurations
 + Level 6.5 Transmutations
 + Level 5.6 Invocations


You had 18 spell levels left.
You didn't know any spells.
Your spell library contained the following spells:

 Spells                   Type           Power      Damage    Failure   Level
 Magic Dart               Conj           100%       1d8       2%          1
 Wereblood                Tmut           36%        N/A       2%          2
 Passwall                 Tmut/Erth      16%        N/A       10%         2
 Slow                     Hex            16%        N/A       24%         1
 Summon Small Mammal      Summ           16%        N/A       24%         1
 Call Imp                 Summ           4%         N/A       34%         2
 Ensorcelled Hibernation  Hex/Ice        8%         N/A       34%         2
 Scorch                   Fire           8%         2d5       34%         2
 Sublimation of Blood     Necr           4%         N/A       34%         2
 Mephitic Cloud           Conj/Pois/Air  13%        N/A       34%         3
 Blade Hands              Tmut           18%        N/A       41%         5
 Petrify                  Tmut/Erth      20%        N/A       52%         4
 Irradiate                Conj/Tmut      16%        3d17      52%         5
 Call Canine Familiar     Summ           4%         N/A       56%         3
 Confusing Touch          Hex            4%         N/A       56%         3
 Portal Projectile        Hex/Tloc       8%         N/A       56%         3
 Summon Guardian Golem    Hex/Summ       4%         N/A       56%         3
 Swiftness                Air            4%         N/A       56%         3
 Tukima's Dance           Hex            4%         N/A       56%         3
 Vampiric Draining        Necr           4%         2d6       56%         3
 Iskenderun's Battlesphe  Conj           30%        2d8       58%         5
 Flame Wave               Conj/Fire      17%        2d7       63%         4
 Anguish                  Hex/Necr       2%         N/A       93%         4
 Corpse Rot               Necr/Pois/Air  4%         N/A       93%         4
 Dispel Undead            Necr           4%         3d7       93%         4
 Death Channel            Necr           2%         N/A       100%        6
 Iron Shot                Conj/Erth      8%         9d3       100%        6
 Summon Cactus Giant      Summ           2%         N/A       100%        6
 Enfeeble                 Hex            2%         N/A       100%        7
 Spellforged Servitor     Conj/Summ      8%         N/A       100%        7
 Summon Hydra             Summ           2%         N/A       100%        7


Dungeon Overview and Level Annotations

Branches:
Dungeon (9/15)             Temple (1/1) D:5            Lair (1/5) D:9
    Orc (0/2) D:9          Bailey (visited)

Altars:
Ashenzari
Cheibriados
Dithmenos
Elyvilon
Fedhas
Gozag
Hepliaklqana
Makhleb
Nemelex Xobeh
Okawaru
Qazlal
Ru
Sif Muna
Trog
Uskayaw
Vehumet
Wu Jian
Xom
Yredelemnul
The Shining One

Shops:
D:9 (


Innate Abilities, Weirdness & Mutations

Your serpentine skin is tough. (AC +3)
You have supernaturally acute eyesight. (SInv)
Armour fits poorly on your strangely shaped body.
Your system is resistant to poisons. (rPois)
You cover ground very slowly.
You can spit poison.
You have a snake-like lower body.
You possess an exceptional clarity of mind.


Message History

You closely miss the wolf.
The wolf is heavily wounded.
You barely miss the wolf. The wolf closely misses you.
The wolf barely misses you. The wolf bites you but does no damage.
The wolf barely misses you.
You slice the wolf!!
You kill the wolf!
Cheibriados thoroughly appreciates the change of pace.
You hit the wolf. The wolf bites you but does no damage. The wolf bites you. x2
You hit the wolf but do no damage. Your punch misses the wolf.
The wolf is almost dead.
You hit the wolf. The wolf bites you! The wolf bites you.
The wolf barely misses you. The wolf bites you.
You hit the wolf.
You kill the wolf!
Cheibriados thoroughly appreciates the change of pace.
You barely miss the wolf. The wolf bites you but does no damage.
The wolf bites you. x2
You barely miss the wolf. You slash the wolf!
You kill the wolf!
Cheibriados thoroughly appreciates the change of pace.
The wolf bites you.
* * * LOW HITPOINT WARNING * * *
The wolf barely misses you.
You slash the wolf!
The wolf is heavily wounded.
The wolf bites you.
* * * LOW HITPOINT WARNING * * *
You closely miss the wolf. x2; The wolf bites you but does no damage.
The wolf bites you.
* * * LOW HITPOINT WARNING * * *
The wolf bites you but does no damage. x2
You hit the wolf but do no damage. You closely miss the wolf.
The wolf bites you!
* * * LOW HITPOINT WARNING * * *
The wolf barely misses you. The wolf bites you but does no damage.
The wolf bites you.
* * * LOW HITPOINT WARNING * * *
The wolf bites you!
You die...

##.~~≈~~^≈≈≈#.P#.#....#.
##..~..<.~........... .
##.~...........
#.##...##..##
#####P#....# ####....###
##.#.......#
##...........#
#Ph@#.......##
##h###......# #.
#......# .. #.#.##..#
##. ....PP.P# #. .#....
#. .. ... #.


You could see 2 wolves.

Vanquished Creatures
  A vault guard (Bailey)
  Prince Ribbit (Bailey)
  A shadow (D:8)
  5 humans (Bailey)
  4 steam dragons
  Menkaure (D:7)
  3 water moccasins (D:6)
  A black bear (D:7)
  3 sky beasts
  4 orc warriors
  4 ogres
  3 wolves (Lair:1)
  5 centaurs
  2 phantoms
  A kobold brigand (D:7)
  15 bullfrogs
  3 scorpions
  2 necrophages
  8 wights
  4 howler monkeys
  An electric eel (D:7)
  3 jellies
  5 hounds
  2 orc priests
  5 iguanas
  9 orc wizards
  A gnoll (Bailey)
  9 adders
  A shadow imp (D:6)
  2 white imps
  An ufetubus (D:4)
  2 worms
  2 dart slugs
  27 orcs
  5 bats
  6 endoplasms
  5 giant cockroaches
  6 goblins
  11 hobgoblins
  4 jackals (D:5)
  5 quokkas
  7 ball pythons
  4 frilled lizards
  8 kobolds
  5 rats
207 creatures vanquished.

Vanquished Creatures (collateral kills)
  A wight (D:8)
  An orc wizard (D:8)
  2 orcs (D:8)
4 creatures vanquished.

Vanquished Creatures (others)
  A butterfly (D:8)
  2 fungi (Lair:1)
  2 plants
5 creatures vanquished.

Grand Total: 216 creatures vanquished

Notes
Turn   | Place    | Note
-------+----------+-------------------------------------------
     0 | D:1      | Zeldest the Naga Monk began the quest for the Orb.
     0 | D:1      | Reached XP level 1. HP: 21/21 MP: 1/1
   315 | D:1      | Reached XP level 2. HP: 28/28 MP: 2/2
   451 | D:1      | Found a faded altar of an unknown god.
  1060 | D:1      | Reached skill level 1 in Armour
  1139 | D:2      | Reached XP level 3. HP: 31/34 MP: 3/3
  1936 | D:3      | Found a stormy altar of Qazlal.
  2041 | D:3      | Reached XP level 4. HP: 17/44 MP: 4/4
  3119 | D:4      | Noticed an ogre
  3212 | D:4      | Reached skill level 4 in Axes
  3212 | D:4      | Reached XP level 5. HP: 31/50 MP: 5/5
  3961 | D:4      | Found a shadowy altar of Dithmenos.
  4333 | D:4      | Reached XP level 6. HP: 6/58 MP: 6/6
  5014 | D:3      | Reached skill level 1 in Invocations
  5370 | D:5      | Entered Level 5 of the Dungeon
  5370 | D:5      | Found a blossoming altar of Fedhas.
  5370 | D:5      | Found a sacrificial altar of Ru.
  5372 | D:5      | Gained mutation: You possess an exceptional clarity of
                  | mind. [potion of mutation]
  5923 | D:5      | Reached XP level 7. HP: 66/66 MP: 8/8
  5952 | D:5      | Reached skill level 5 in Fighting
  6059 | D:5      | Reached skill level 5 in Axes
  6350 | D:5      | Found a staircase to the Ecumenical Temple.
  6369 | Temple   | Entered the Ecumenical Temple
  6442 | Temple   | Became a worshipper of Cheibriados the Contemplative
  6442 | Temple   | Reached * piety under Cheibriados
  6442 | Temple   | Reached ** piety under Cheibriados
  6504 | D:5      | Found a broken altar of Ashenzari.
  6838 | D:5      | Found a shimmering altar of Xom.
  7016 | D:6      | Reached skill level 1 in Transmutations
  7141 | D:6      | Reached skill level 1 in Spellcasting
  7141 | D:6      | Reached XP level 8. HP: 37/75 MP: 9/9
  7963 | D:6      | Reached skill level 6 in Axes
  8317 | D:6      | Reached XP level 9. HP: 53/82 MP: 13/13
  8658 | D:6      | Found a sparkling altar of Nemelex Xobeh.
  8765 | D:6      | Reached *** piety under Cheibriados
  9302 | D:6      | Reached skill level 1 in Conjurations
 10227 | D:7      | Found a burning altar of Makhleb.
 10232 | D:7      | Noticed Menkaure
 10236 | D:7      | Killed Menkaure
 10237 | D:7      | Reached skill level 5 in Armour
 10545 | D:7      | Reached skill level 7 in Axes
 10782 | D:7      | Reached skill level 1 in Shields
 10782 | D:7      | Reached XP level 10. HP: 72/94 MP: 16/16
 10876 | D:7      | Reached **** piety under Cheibriados
 11331 | D:8      | Reached skill level 5 in Transmutations
 11417 | D:8      | Found a flagged portal.
 11480 | Bailey   | Entered a bailey
 12113 | Bailey   | Noticed a vault guard
 12113 | Bailey   | Noticed Prince Ribbit
 12137 | Bailey   | Killed Prince Ribbit
 12156 | Bailey   | HP: 7/141 [vault guard/+0 broad axe (6)]
 12160 | Bailey   | Killed a vault guard
 12161 | Bailey   | Reached skill level 8 in Axes
 12161 | Bailey   | Reached skill level 5 in Invocations
 12310 | Bailey   | Noticed a vault guard
 12355 | D:8      | Found an opulent altar of Gozag.
 12857 | D:8      | Found a white marble altar of Elyvilon.
 12876 | D:8      | Reached XP level 11. HP: 17/100 MP: 11/17
 13298 | D:8      | Reached skill level 5 in Conjurations
 13513 | D:9      | Found a staircase to the Orcish Mines.
 13513 | D:9      | Found Ziecax's Weapon Boutique.
 13540 | D:9      | Found a staircase to the Lair.
 13828 | Lair:1   | Entered Level 1 of the Lair of Beasts
 13971 | Lair:1   | Slain by a wolf

Illustrated notes

Levels and vault maps discovered:
D:1:      mrwooster_arrival_statue, layout_loops_corners,
          shapermc_ecumenical_altar_mp_urbaneastern
D:2:      layout_basic, nicolae_titane
D:3:      layout_basic, grunt_qazlal_clouds
D:4:      layout_basic, mainiacjoe_overflow_small_starburst, grunt_ministairs_1
D:5:      layout_basic, nicolae_ashenzari_panopticon, lemuel_tele_altar,
          mainiacjoe_overflow_catwalk_spiral, minmay_temple_entry_offerings,
          grunt_decor_cap
D:6:      minmay_skewed_foursquare, layout_basic, mainiacjoe_overflow_alcove_2,
          amcnicky_mini_rare_corridor_liquid, kennysheep_generic_room_3
D:7:      wad_river_or_something, layout_rooms, mainiacjoe_overflow_catwalk,
          uniq_menkaure
D:8:      layout_loops_ring, pdpol_temple_overflow_zin_treasury_gozag_greed,
          nicolae_elyvilon_peaceful_grove, enter_bailey_4, grunt_ministairs_5
D:9:      layout_cave_pools, lair_entry_dummy, orc_david_3
Temple:   hellmonk_temple_flake
Lair:1:   layout_loops_ring, dpeg_stationary_puzzle, infiniplex_staircase_pool

Skill      XL: |  1  2  3  4  5  6  7  8  9 10 11 |
---------------+----------------------------------+-----
Armour         | 1 2 3 4 5 |  5.1
Fighting       | 4 5 6 7 |  7.1
Axes           | 4 5 6 7 8 |  8.4
Invocations    | 2 3 5 |  5.6
Transmutations | 1 3 4 6 |  6.5
Spellcasting   | 1 3 4 |  4.0
Conjurations   | 2 4 5 |  5.2
Shields        | 1 3 |  3.8
Dodging        | |  2.4
Stealth        | |  3.0

Action                   |  1- 3 |  4- 6 |  7- 9 | 10-12 || total
-------------------------+-------+-------+-------+-------++-------
Melee: Hand axe          |   120 |   171 |   282 |   235 ||   808
       Punch             |     1 |     1 |     3 |     8 ||    13
       Broad axe         |       |       |       |    55 ||    55
Invok: Bend Time         |       |       |     1 |     3 ||     4
       Slouch            |       |       |       |     3 ||     3
 Abil: Spit Poison       |    13 |    44 |     9 |    13 ||    79
Evoke: Wand              |       |       |     7 |     3 ||    10
  Use: Scroll            |       |     5 |     3 |     5 ||    13
       Potion            |       |     5 |     1 |     9 ||    15
 Stab: Sleeping          |     2 |       |     1 |       ||     3
       Invisible         |       |       |     5 |     6 ||    11
Armor: Robe              |     7 |       |       |       ||     7
       Scale mail        |    40 |   106 |   142 |   104 ||   392
       Skin              |       |       |       |    31 ||    31
Dodge: Dodged            |    64 |    80 |   149 |   141 ||   434

Table legend: (Time is in decaauts)
 A = Elapsed time spent in this place.
 B = Non-inter-level travel time spent in this place.
 C = Inter-level travel time spent in this place.
 D = Time resting spent in this place.
 E = Time spent auto-exploring this place.
 F = Levels seen in this place.
 G = Mean time per level.
                   A        B        C        D        E       F      G
               +--------+--------+--------+--------+--------+-----+--------+
         Total |  19742 |  19110 |    632 |   5852 |   8368 |  12 | 1645.2 |
       Dungeon |  17670 |  17045 |    625 |   5511 |   7985 |   9 | 1963.3 |
        Temple |    214 |    208 |      6 |      0 |    182 |   1 |  214.0 |
          Lair |    302 |    302 |      0 |      0 |    199 |   1 |  302.0 |
        Bailey |   1554 |   1554 |      0 |    341 |      0 |   1 | 1554.0 |
               +--------+--------+--------+--------+--------+-----+--------+

Top non-repeatable levels by time:
     D:6: 3958 daAuts
     D:4: 2107 daAuts
     D:5: 2082 daAuts
     D:7: 2046 daAuts
     D:3: 1996 daAuts
     D:8: 1944 daAuts
  Bailey: 1554 daAuts
     D:1: 1434 daAuts
     D:9: 1050 daAuts
     D:2: 1049 daAuts
  Lair:1: 302 daAuts
  Temple: 214 daAuts
